 Dungeon Crawl Stone Soup version 0.29.0-4-gdea44cf6ec (webtiles) character file.

Game seed: 3281139576079094891

28 qw the Chopper (level 3, 0/21 HPs)
             Began as a Tengu Warper on Aug 28, 2022.
             Succumbed to their own poison gas
             ... on level 1 of the Dungeon.
             The game lasted 00:00:05 (1009 turns).

qw the Chopper (Tengu Warper)                       Turns: 1009, Time: 00:00:06

Health: 0/21       AC:  6    Str: 13    XL:     3   Next: 14%
Magic:  7/7        EV:  9    Int: 13    God:
Gold:   67         SH:  0    Dex: 13    Spells: 6/6 levels left

rFire   . . .      SeeInvis .   Y - +1 hand axe (protect)
rCold   . . .      Faith    .   (no shield)
rNeg    . . .      Spirit   .   j - +0 scale mail
rPois   .          Reflect  .   (helmet restricted)
rElec   .          Harm     .   (no cloak)
rCorr   .          Rampage  .   (no gloves)
Will    .....      Clarity  +   (boots unavailable)
Stlth   ..........              (no amulet)
HPRegen 0.07/turn               (no ring)
MPRegen 0.10/turn               (no ring)

@: lethally poisoned (0 -> -2), weak-willed
A: beak, talons 3, clarity
a: no special abilities


You were on level 1 of the Dungeon.
You visited 1 branch of the dungeon, and saw 1 of its levels.

You collected 67 gold pieces.


Innate Abilities, Weirdness & Mutations

You have a beak for a mouth.
You have claws for feet.
You possess an exceptional clarity of mind.


   Skills:
 - Level 2.0 Fighting
 + Level 3.9 Axes
 - Level 1.0 Throwing
 - Level 1.1 Armour
 - Level 2.1 Dodging
 - Level 2.0 Spellcasting
 - Level 2.4 Translocations


You had 6 spell levels left.
You didn't know any spells.
Your spell library contained the following spells:

 Spells                   Type           Power      Damage    Failure   Level
 Blink                    Tloc           14%        N/A       56%         2
 Gell's Gravitas          Tloc           7%         N/A       80%         3
 Lesser Beckoning         Tloc           7%         N/A       80%         3
 Teleport Other           Tloc           7%         N/A       80%         3
 Manifold Assault         Tloc           7%         N/A       100%        5

Inventory:

Hand Weapons
 g - a +0 whip
 Y - a +1 hand axe of protection (weapon)
Armour
 j - a +0 scale mail (worn)
Scrolls
 l - a scroll of identify
Potions
 d - a potion of berserk rage {unknown}
 f - a potion of mutation
 k - a potion of lignification {unknown}
 m - a potion of haste {unknown}

Dungeon Overview and Level Annotations

Branches:
Dungeon (1/15)

Altars:


Message History

The air fills with toxic fumes!
As you read the scroll labelled HOIPSADUCU, it crumbles to dust.
It was a scroll of poison.
Partly explored, can't reach some places.
998 ||| DRINKING 2 lumpy sapphire potions.
It was a potion of mutation.
You feel extremely strange.
Your thoughts seem clearer.
Partly explored, can't reach some places.
999 ||| DROPPING scroll of blinking.
You drop a scroll of blinking.
Partly explored, can't reach some places.
1000 ||| DROPPING scroll of vulnerability.
You drop a scroll of vulnerability.
Partly explored, can't reach some places.
(D) Dungeon
Where to? (* - list waypoints, ? - help)
What level of the Dungeon? (default 1, ? - help) Sorry, I don't know how to get there.
Partly explored, can't reach some places.
1001 ||| Stepping randomly (stuck).
Really walk into that cloud of poison gas?
You are engulfed in poison gas.
You are poisoned.
You feel very sick.
1002 ||| Stepping ~*~*~tactically~*~*~ (cloud).
You feel very sick.
Things that are here:
a scroll of vulnerability; a scroll of blinking; 2 poisoned darts
There is a lethal amount of poison in your body!
You feel sick.
There is a lethal amount of poison in your body!
You feel sick.
There is a lethal amount of poison in your body!
You feel sick.
There is a lethal amount of poison in your body!
You feel sick.
There is a lethal amount of poison in your body!
You feel sick.
There is a lethal amount of poison in your body!
You feel sick.
There is a lethal amount of poison in your body!
You die...

###.....##.##.##.# #
#.....)....>..%..##############
#.#...#.........0¤...).........
#%#...#.)#######0##############
#.#...##.# ###.#### # #%#...##.#
#.¤0¤¤0# # #.#...##.# #00¤0..# #
#.######.## #000000# ## ###.###
#..####@¤¤00¤# ####. #.....#
##....#¤00¤0.# ##.... #.....#
#....#¤0¤000######..###
#.....######...00.¤...¤..........
#..............##########........
#.....#####....### ##..#####
#.....# #......### #.###...
#.....# ######...# ###.###...
####### ###%# ##}...}#...


There were no monsters in sight!

Vanquished Creatures
  2 dart slugs (D:1)
  4 ball pythons (D:1)
  2 bats (D:1)
  3 goblins (D:1)
  3 jackals (D:1)
  3 quokkas (D:1)
  2 frilled lizards (D:1)
  2 kobolds (D:1)
  2 rats (D:1)
23 creatures vanquished.

Notes
Turn   | Place    | Note
-------+----------+-------------------------------------------
     0 | D:1      | qw the Tengu Warper began the quest for the Orb.
     0 | D:1      | Reached XP level 1. HP: 12/12 MP: 4/4
     0 | D:1      | 0 ||| qw: Version: 0.1-a-89-g26bdef1
     0 | D:1      | 0 ||| qw: Game counter: 467
     0 | D:1      | 0 ||| qw: Always use a shield: true
     0 | D:1      | 0 ||| qw: God list: Okawaru
     0 | D:1      | 0 ||| qw: Allow faded altars: false
     0 | D:1      | 0 ||| qw: Do Orc after D:15 true
     0 | D:1      | 0 ||| qw: Do second Lair branch before Depths: true
     0 | D:1      | 0 ||| qw: Lair rune preference: random
     0 | D:1      | 0 ||| qw: Plans: Normal
     0 | D:1      | 0 ||| PLANNING D:1-11
   131 | D:1      | Reached XP level 2. HP: 8/17 MP: 6/6
   301 | D:1      | Reached skill level 3 in Axes
   470 | D:1      | Found a faded altar of an unknown god.
   745 | D:1      | Reached XP level 3. HP: 21/21 MP: 7/7
   966 | D:1      | 966 ||| UPGRADING to +0 ring mail.
   976 | D:1      | 976 ||| DROPPING +0 leather armour.
   977 | D:1      | 977 ||| UPGRADING to +0 scale mail.
   987 | D:1      | 987 ||| DROPPING +0 ring mail.
   988 | D:1      | 988 ||| READING scroll labelled WIUTZU KIPSUG.
   989 | D:1      | 989 ||| READING scroll labelled UTTABE WEOCVO.
   990 | D:1      | 990 ||| READING 2 scrolls labelled XABLASOANN.
   991 | D:1      | 991 ||| READING scroll labelled DENNOUMMOGH.
   994 | D:1      | 994 ||| READING 2 scrolls labelled MAHOAS FIQ QAROU.
   995 | D:1      | 995 ||| READING scroll labelled XITAUDELEI.
   996 | D:1      | 996 ||| READING scroll labelled KOCIHY MOC TUK.
   997 | D:1      | 997 ||| READING scroll labelled HOIPSADUCU.
   998 | D:1      | 998 ||| DRINKING 2 lumpy sapphire potions.
   998 | D:1      | Gained mutation: You possess an exceptional clarity of
                  | mind. [potion of mutation]
   999 | D:1      | 999 ||| DROPPING scroll of blinking.
  1000 | D:1      | 1000 ||| DROPPING scroll of vulnerability.
  1001 | D:1      | 1001 ||| Stepping randomly (stuck).
  1002 | D:1      | 1002 ||| Stepping ~*~*~tactically~*~*~ (cloud).
  1005 | D:1      | HP: 4/21 [poisoned by you (poison gas)]
  1008 | D:1      | HP: 1/21 [poisoned by you (poison gas)]
  1009 | D:1      | Succumbed to their own poison gas

Levels and vault maps discovered:
D:1:      dpeg_cavernosity, layout_rooms, hellmonk_ecumenical_altar_run_dry

Skill      XL: |  1  2 |
---------------+-------+-----
Axes           | 3 |  3.9
Fighting       | |  2.0
Throwing       | |  1.0
Armour         | |  1.1
Dodging        | |  2.1
Spellcasting   | |  2.0
Translocations | |  2.4

Action                   || total
-------------------------++-------
Melee: Hand axe          ||    34
       Peck              ||     4
       Kick              ||     2
Throw: Boomerang         ||     7
  Use: Scroll            ||     8
       Potion            ||     1
Armor: Leather armour    ||     9
Dodge: Dodged            ||    10

Table legend:
 A = Non-vault XP
 B = Vault XP
 C = Vault XP percentage of total XP
 D = Non-vault monster count
 E = Vault monster count
 F = Vault count percentage of total count
                 A         B        C        D         E       F
            +---------+---------+-------+---------+---------+-------
      Total |      34 |       7 |  17.1 |      19 |       4 |  17.4
            +---------+---------+-------+---------+---------+-------
        D:1 |      34 |       7 |  17.1 |      19 |       4 |  17.4
            +---------+---------+-------+---------+---------+-------
